AoeStats
← 大大只

MegaRandom

510806969Analyzed
4v4 RM · 19h ago on Oct 2, 2026· 25m 41s· 8 players
Game mode
Random Map
Map size
Large (8 player)
Population
200
Speed
Normal
Resources
Standard
Victory
Conquest
Starting age
Dark Age
Ending age
Imperial Age
RankedLock teamsTeams togetherTeam positionsShared explorationLock speedFull tech treeHidden civsTurbo modeCheats
Victory
Defeat
🇨🇳 Magyars · China
955
+13
🇲🇾 Muisca · Malaysia
940
+14
🇨🇳 Franks · China
902
+15
🇧🇷 Mongols · Brazil
880
+16
🇬🇷 Sicilians · Greece
911
-16
🇳🇱 Burmese · Netherlands
908
-15
🇩🇪 Franks · Germany
877
-14
🇪🇸 Vietnamese · Spain
844
-13
Jesus
3:57 Loom
4:44 Loom
9:58 Loom
12:52 Feudal Age
13:29 Double-Bit Axe
13:27 Horse Collar
14:09 Gold Mining
24:47 Scale Mail Armor
Scamander
12:11 Feudal Age
12:58 Double-Bit Axe
18:38 Castle Age
19:01 Scale Barding Armor
19:07 Forging
19:42 Husbandry
23:15 Chain Barding Armor
ApeteceMuchoNené
12:48 Feudal Age
14:28 Double-Bit Axe
14:27 Horse Collar
14:39 Gold Mining
17:58 Stone Mining
21:43 Castle Age
24:18 Heavy Plow
Rad el Bárbaro
12:37 Feudal Age
15:31 Bloodlines
15:29 Scale Barding Armor
16:26 Horse Collar
22:17 Castle Age
22:07 Loom
24:50 Husbandry
25:20 Elite Skirmisher
可可
11:36 Feudal Age
12:29 Double-Bit Axe
13:03 Horse Collar
15:47 Bloodlines
18:12 Scale Barding Armor
21:52 Castle Age
20:10 Gold Mining
20:42 Stone Mining
23:53 Bow Saw
大大只
4:56 Loom
11:49 Feudal Age
17:07 Castle Age
15:30 Double-Bit Axe
16:18 Fletching
17:08 Town Watch
17:10 Crossbowman
18:37 Bow Saw
21:16 Padded Archer Armor
23:55 Bodkin Arrow
victoragro7
5:12 Loom
11:21 Feudal Age
16:47 Castle Age
22:09 Double-Bit Axe
23:57 Fletching
Noob.
1:02 Loom
2:36 Loom
11:28 Feudal Age
14:43 Man-at-Arms
15:42 Forging
18:11 Arson
18:33 Scale Mail Armor
22:01 Castle Age
22:04 Scale Barding Armor
24:52 Gold Mining
24:52 Double-Bit Axe
Connection lost

Rejoining the realm…

Still unreachable

The connection could not be restored.

Session expired

The server has moved on; the page needs a fresh start.